 Dungeon Crawl Stone Soup version 0.26-a0-154-g3d63440f56 (console) character file.

Game seed: 7014495618360857908

9926 bli the Martial Artist (level 11, -6/92 HPs)
             Began as a Pale Draconian Transmuter on June 30, 2020.
             Was a Believer of Sif Muna.
             Mangled by a yak (10 damage)
             ... in an ice cave.
             The game lasted 00:53:09 (13303 turns).

bli the Martial Artist (Pale Draconian Transmuter) Turns: 13303, Time: 00:53:09

Health: -6/92      AC:  2    Str: 13    XL:     11   Next: 29%
Magic:  18/21      EV: 26    Int: 14    God:    Sif Muna [**....]
Gold:   603        SH:  0    Dex: 19    Spells: 8/23 levels left

rFire    . . .     SeeInvis .     - Unarmed
rCold    . . .     Faith    .   (shield currently unavailable)
rNeg     . . .     Spirit   .   (armour unavailable)
rPois    x         Reflect  .   (helmet currently unavailable)
rElec    .         Harm     .   (cloak currently unavailable)
rCorr    .                      (gloves currently unavailable)
MR       .....                  (boots currently unavailable)
Stlth    +++.......             (no amulet)
HPRegen  0.25/turn              (no ring)
MPRegen  0.17/turn              (no ring)

@: spider-form
A: tiny, (breathe steam), unfitting armour, AC +7
a: End Transformation, Channel Magic, Renounce Religion


You were in an ice cave.
You worshipped Sif Muna.
Sif Muna was pleased with you.
You were not hungry.
You were a venomous arachnid creature.
You visited 3 branches of the dungeon, and saw 12 of its levels.
You also visited: Sewer and Ice Cave.

You collected 695 gold pieces.
You spent 92 gold pieces at shops.

Inventory:

Hand Weapons
 b - the +1 war axe of Reinforcement {flame, rPois Dex+2}
   (You found it on level 7 of the Dungeon)

   It has been specially enchanted to burn those struck by it, causing extra
   injury to most foes and up to half again as much damage against particularly
   susceptible opponents.
   Big, fiery blades are also staple armaments of hydra-hunters.
   It affects your dexterity (+2).
   It protects you from poison.
 M - the +9 hand axe of Gluttony {vorpal, rC++ Dex-4, unknown}
   (You found it on level 9 of the Dungeon)

   It inflicts extra damage upon your enemies.
   It affects your dexterity (-4).
   It greatly protects you from cold.
Missiles
 g - 117 arrows
 k - 186 stones
 p - 10 boomerangs (quivered)
 w - 5 silver boomerangs
 z - 28 poisoned darts
 J - a throwing net
Armour
 v - the +2 pair of gloves "Fax Zoni" (melded) {Int+8}
   (You found it on level 4 of the Dungeon)

   It affects your intelligence (+8).
 y - a +1 cloak (melded)
 K - a +0 buckler of positive energy
Wands
 m - a wand of disintegration (10)
 r - a wand of random effects (9)
 C - a wand of polymorph (17)
 L - a wand of paralysis (9)
Scrolls
 d - 4 scrolls of fog
 e - 2 scrolls of enchant armour
 h - 6 scrolls of amnesia {unknown}
 i - 2 scrolls of remove curse
 j - a scroll of noise
 l - 3 scrolls of blinking
 n - a scroll of immolation
 t - 5 scrolls of teleportation
 E - 2 scrolls of identify
Potions
 f - 7 potions of curing
 o - 3 potions of flight
 u - 2 potions of ambrosia
 A - 3 potions of degeneration {unknown}
 B - 2 potions of brilliance {unknown}
 G - a potion of might {unknown}
 H - a potion of stabbing {unknown}
 I - 2 potions of haste {unknown}
 N - a potion of lignification {unknown}
 O - a potion of cancellation {unknown}
Comestibles
 c - 22 rations
 P - 16 chunks of flesh


   Skills:
 * Level 7.2 Fighting
 * Level 6.6 Dodging
 * Level 3.5 Stealth
 + Level 10.2 Unarmed Combat
 + Level 6.8 Spellcasting
 + Level 7.3 Transmutations
 + Level 2.2 Ice Magic
 + Level 2.3 Poison Magic
 + Level 1.1 Evocations


You had 8 spell levels left.
You knew the following spells:

 Your Spells              Type           Power        Failure   Level  Hunger
a - Beastly Appendage     Tmut           ####..       4%          1    None
b - Sticks to Snakes      Tmut           ####....     5%          2    #......
B - Blade Hands           Tmut           ####......   38%         5    ######.
I - Ice Form              Ice/Tmut       ###.....     41%         4    ####...
S - Spider Form           Tmut/Pois      ###.......   17%         3    ##.....

Your spell library contained the following spells:

 Spells                   Type           Power        Failure   Level  Hunger
 Shock                    Conj/Air       #...         32%         1    None
 Swiftness                Chrm/Air       #.......     43%         2    #......
 Static Discharge         Conj/Air       #.......     63%         3    ##.....
 Airstrike                Air            #.........   93%         4    ####...
 Lightning Bolt           Conj/Air       #.........   99%         5    ######.


Dungeon Overview and Level Annotations

Branches:
Dungeon (9/15)             Temple (1/1) D:7            Lair (2/6) D:9
  Sewer (visited)           IceCv (1/1)
  Swamp: Lair:2-4    Shoals: Lair:2-4     Snake: Lair:2-4    Spider: Lair:2-4
    Orc: D:9-12

Altars:
Ashenzari
Cheibriados
Dithmenos
Elyvilon
Fedhas
Gozag
Hepliaklqana
Kikubaaqudgha
Makhleb
Nemelex Xobeh
Okawaru
Qazlal
Ru
Sif Muna
Trog
Uskayaw
Vehumet
Wu Jian
Xom
Yredelemnul
Zin
The Shining One

Shops:
D:4 ?   D:5 ??


Innate Abilities, Weirdness & Mutations

((You can breathe blasts of scalding, opaque steam.))
((Your pale cyan-grey scales are hard. (AC +7)))
You cannot fit into any form of body armour.
((You are cold-blooded and may be slowed by cold attacks.))


Message History

Your adder barely misses the polar bear.
The yak gores your adder!!
Your adder dies!
The polar bear goes berserk!
You see here a yak skeleton.
There is an ice choked empty arch of ancient stone here.
The polar bear completely misses you. The polar bear claws you.
* * * LOW HITPOINT WARNING * * *
The polar bear claws you.
* * * LOW HITPOINT WARNING * * *
There is an ice covered gate leading back out of this place here.
You feel much better. The polar bear closely misses you.
The polar bear completely misses you. The polar bear barely misses you.
You hit the polar bear.
The polar bear looks as sick as possible!
The polar bear is almost dead.
The polar bear bites you!!
* * * LOW HITPOINT WARNING * * *
The polar bear closely misses you. x2; The yak gores you!
You die...

. #### ..
##..###### #..
##....##..## ##...
#....÷.....###.....
#.sh∩Y......#...Y..
#..Y....##....#
##....#####..##
##..## #### ####


You could see a polar bear (berserk, extremely poisoned) and 2 yaks.

Vanquished Creatures
  A two-headed ogre (D:8)
  A black mamba (Lair:1)
  A spiny frog (Lair:1)
  Maggie (D:7)
  A polar bear (IceCv)
  A hippogriff (Lair:1)
  4 spriggans (Lair:1)
  A basilisk (Lair:1)
  18 yaks
  3 water moccasins
  2 ice beasts (D:7)
  An orc warrior (D:8)
  4 sky beasts
  An eye of draining (D:7)
  3 ogres
  2 centaurs (D:6)
  3 wolves (IceCv)
  2 crocodiles
  2 big kobolds
  5 bullfrogs
  2 scorpions
  5 killer bees (D:8)
  4 wights (D:8)
  5 howler monkeys
  4 crimson imps
  A bullfrog zombie (D:6)
  2 lava snakes (D:7)
  3 orc priests
  A centaur zombie (D:7)
  3 hounds
  A centaur skeleton (D:4)
  2 jellies
  A bullfrog skeleton (D:8)
  4 orc wizards
  Jessica (D:3)
  Ijyb (D:3)
  Terence (D:3)
  An iguana (D:4)
  A worker ant (D:4)
  A hound skeleton (D:7)
  11 gnolls
  8 adders
  2 river rats
  4 shadow imps
  An ooze (D:4)
  3 worms
  A dart slug (D:2)
  5 leopard geckos
  35 orcs
  4 ball pythons
  5 bats
  16 giant cockroaches
  17 goblins
  13 hobgoblins
  17 jackals
  3 quokkas
  5 frilled lizards
  15 kobolds
  11 rats
277 creatures vanquished.

Vanquished Creatures (collateral kills)
  A troll (D:8)
  2 yaks (Lair:1)
  A centaur (D:7)
  An adder (D:2)
  A worm (D:2)
  An orc (D:3)
7 creatures vanquished.

Vanquished Creatures (others)
  2 fungi (Lair:1)
2 creatures vanquished.

Grand Total: 286 creatures vanquished

Notes
Turn   | Place    | Note
-------+----------+-------------------------------------------
     0 | D:1      | bli the Draconian Transmuter began the quest for the Orb.
     0 | D:1      | Reached XP level 1. HP: 16/16 MP: 3/3
   313 | D:1      | Reached XP level 2. HP: 19/23 MP: 3/5
   952 | D:2      | Learned a level 2 spell: Sticks to Snakes
  1043 | D:2      | Reached skill level 4 in Unarmed Combat
  1043 | D:2      | Reached XP level 3. HP: 12/28 MP: 1/6
  1421 | D:2      | Found a radiant altar of Vehumet.
  2061 | D:2      | Reached XP level 4. HP: 33/35 MP: 7/7
  2096 | D:2      | Learned a level 3 spell: Spider Form
  2369 | D:3      | Noticed Terence
  2391 | D:3      | Killed Terence
  2501 | D:3      | Noticed Jessica
  2516 | D:3      | Killed Jessica
  2575 | D:3      | Reached skill level 5 in Unarmed Combat
  2667 | D:3      | Noticed Ijyb
  2699 | D:3      | Killed Ijyb
  2699 | D:3      | Reached XP level 5. HP: 21/41 MP: 3/8
  3626 | D:3      | Found an iron altar of Okawaru.
  3655 | D:3      | Found a sparkling altar of Nemelex Xobeh.
  3655 | D:3      | Found a shimmering altar of Xom.
  3657 | D:3      | Found an ornate altar of the Wu Jian Council.
  3657 | D:3      | Found an iron altar of Okawaru.
  3657 | D:3      | Found a shattered altar of Ashenzari.
  4027 | D:4      | Learned a level 4 spell: Ice Form
  4171 | D:4      | Reached XP level 6. HP: 47/48 MP: 8/10
  4255 | D:4      | Found a glowing drain.
  4280 | Sewer    | Entered a sewer
  4391 | Sewer    | Found a white marble altar of Elyvilon.
  4517 | D:4      | Reached skill level 6 in Unarmed Combat
  4596 | D:4      | Your scales start taking on a pale cyan-grey colour.
  4596 | D:4      | Reached XP level 7. HP: 40/55 MP: 8/11
  4812 | D:4      | Found Dozetamp's Magic Scroll Shop.
  4819 | D:4      | Bought a scroll of teleportation for 36 gold pieces
  5046 | D:4      | Reached skill level 1 in Poison Magic
  5331 | D:4      | Got a pair of heavily runed gloves
  5337 | D:4      | Identified the +2 pair of gloves "Fax Zoni" {Int+8} (You
                  | found it on level 4 of the Dungeon)
  5758 | D:5      | Entered Level 5 of the Dungeon
  6004 | D:5      | Found a shimmering blue altar of Sif Muna.
  6033 | D:5      | Became a worshipper of Sif Muna the Loreminder
  6323 | D:5      | Reached skill level 7 in Unarmed Combat
  6323 | D:5      | Reached XP level 8. HP: 61/61 MP: 14/14
  6325 | D:5      | Found Ucucs's Magic Scroll Emporium.
  6355 | D:5      | Bought a scroll of identify for 28 gold pieces
  6394 | D:5      | Found Xuth's Magic Scroll Shoppe.
  6398 | D:5      | Bought a scroll of identify for 28 gold pieces
  6570 | D:5      | Found a blossoming altar of Fedhas.
  6571 | D:5      | Found an ornate altar of the Wu Jian Council.
  7088 | D:5      | Found a glowing silver altar of Zin.
  7408 | D:6      | Reached skill level 1 in Stealth
  7408 | D:6      | Reached skill level 1 in Ice Magic
  7798 | D:6      | Found a glowing golden altar of the Shining One.
  7875 | D:6      | Reached skill level 5 in Spellcasting
  8700 | D:7      | Reached * piety under Sif Muna
  8713 | D:7      | Reached skill level 8 in Unarmed Combat
  8713 | D:7      | Reached XP level 9. HP: 34/70 MP: 9/17
  8725 | D:7      | Found a staircase to the Ecumenical Temple.
  9114 | D:7      | Noticed Maggie
  9135 | D:7      | Killed Maggie
  9310 | D:7      | Found a radiant altar of Vehumet.
  9487 | D:7      | Got an iridescent war axe
  9580 | D:7      | Identified the cursed +1 war axe of Reinforcement {flame,
                  | rPois Dex+2} (You found it on level 7 of the Dungeon)
  9746 | Temple   | Entered the Ecumenical Temple
 10044 | D:8      | Noticed a two-headed ogre
 10056 | D:8      | Killed a two-headed ogre
 10056 | D:8      | Reached skill level 9 in Unarmed Combat
 10056 | D:8      | Reached skill level 5 in Transmutations
 10197 | D:8      | Reached skill level 5 in Fighting
 10237 | D:8      | Learned a level 5 spell: Blade Hands
 10373 | D:8      | Found a basalt altar of Yredelemnul.
 10438 | D:8      | Reached XP level 10. HP: 67/81 MP: 19/19
 10762 | D:8      | Reached ** piety under Sif Muna
 11156 | D:9      | Got a faintly glowing hand axe
 11168 | D:8      | HP: 4/97 [troll (10)]
 11443 | D:9      | Found a shadowy altar of Dithmenos.
 11571 | D:9      | Found a staircase to the Lair.
 11576 | Lair:1   | Entered Level 1 of the Lair of Beasts
 11586 | Lair:1   | Reached skill level 5 in Dodging
 11970 | Lair:1   | Noticed a spiny frog
 11979 | Lair:1   | Killed a spiny frog
 12018 | Lair:1   | Noticed a black mamba
 12037 | Lair:1   | Killed a black mamba
 12421 | Lair:1   | Reached skill level 10 in Unarmed Combat
 12678 | Lair:1   | Reached XP level 11. HP: 33/91 MP: 17/21
 13061 | Lair:1   | You fall into a shaft and drop 1 floor!
 13127 | Lair:2   | Reached skill level 1 in Evocations
 13232 | Lair:2   | Found a frozen archway.
 13246 | IceCv    | Entered an ice cave
 13303 | IceCv    | HP: 4/92 [polar bear (25)]
 13303 | IceCv    | Mangled by a yak

Illustrated notes

Levels and vault maps discovered:
D:1:      ncdulo_watergridlock, layout_loops_ring, minmay_door_square
D:2:      minmay_roachtagon, layout_loops_ring, vehumet_crystals
D:3:      layout_loops_corners, hangedman_decor_opposing, doesnt_xom_only_xom,
          uniq_jessica, uniq_terence, uniq_ijyb
D:4:      cheibrodos_greedy_goblins, layout_basic, portal_sewer_entry_e,
          serial_shops, nicolae_shop_stone
D:5:      layout_layer_cave, led_sif_book, zin_scriptorium,
          gammafunk_temple_overflow_pools, first_ration, serial_shops, shop,
          shop
D:6:      layout_basic, lemuel_doored_altar, kennysheep_opposing_triangles
D:7:      kennysheep_big_flooded_room, layout_gridville,
          minmay_temple_entry_statues_pillars, basic_altar,
          nicolae_ossuary_entry_plus, uniq_maggie
D:8:      layout_basic, yredelemnul_altar_generic
D:9:      layout_loops_ring, nicolae_overflow_crystal_walls, lair_entry_dummy,
          david_orc_1_choice, basic_altar
Temple:   eino_narrow_crystal_temple
Lair:1:   kb_forest_paths, layout_regular_city
Lair:2:   layout_cave_shapes, portal_ice_cave_entry_pillars_2, minivault_19
IceCv:    ice_cave_small_giant

Skill      XL: |  1  2  3  4  5  6  7  8  9 10 11 |
---------------+----------------------------------+-----
Dodging        | 2 3 4 5 6 |  6.6
Unarmed Combat | 4 5 6 7 8 9 10 | 10.2
Fighting       | 2 3 5 6 7 |  7.2
Spellcasting   | 3 4 5 6 |  6.8
Transmutations | 3 4 5 7 |  7.3
Poison Magic   | 1 2 |  2.3
Stealth        | 1 2 3 |  3.5
Ice Magic      | 2 |  2.2
Evocations     | 1 |  1.1

Action                   |  1- 3 |  4- 6 |  7- 9 | 10-12 || total
-------------------------+-------+-------+-------+-------++-------
Melee: Unarmed           |   134 |   225 |   298 |   222 ||   879
       Tailslap          |    13 |    20 |    21 |     8 ||    62
       Headbutt          |     9 |     4 |    17 |     6 ||    36
       Kick              |     8 |    29 |    21 |     3 ||    61
       Punch             |       |     3 |     7 |     1 ||    11
       War axe           |       |       |     1 |       ||     1
Throw: Stone             |       |    63 |    96 |       ||   159
       Boomerang         |       |       |       |     9 ||     9
 Cast: Beastly Appendage |    24 |    32 |    38 |     7 ||   101
       Sticks to Snakes  |     2 |    10 |     6 |     9 ||    27
       Spider Form       |       |     3 |    10 |     6 ||    19
       Ice Form          |       |       |     3 |     6 ||     9
       Blade Hands       |       |       |       |     1 ||     1
 Abil: Breathe Steam     |       |       |    15 |     6 ||    21
Evoke: Wand              |       |       |       |     5 ||     5
  Use: Scroll            |       |       |    12 |       ||    12
       Potion            |       |       |       |     2 ||     2
 Stab: Sleeping          |     3 |       |     4 |       ||     7
       Distracted        |       |     1 |     1 |       ||     2
  Eat: Chunk             |     4 |    11 |    18 |    11 ||    44
       Ration            |       |       |     1 |       ||     1
Armor: Skin              |    39 |    41 |    62 |    24 ||   166
Dodge: Dodged            |    70 |   131 |   169 |   148 ||   518

Table legend:
 A = Non-vault XP
 B = Vault XP
 C = Vault XP percentage of total XP
 D = Non-vault monster count
 E = Vault monster count
 F = Vault count percentage of total count
                 A         B        C        D         E       F
            +---------+---------+-------+---------+---------+-------
      Total |   10675 |    3505 |  24.7 |     222 |      62 |  21.8
            +---------+---------+-------+---------+---------+-------
        D:1 |      33 |       0 |   0.0 |      19 |       0 |   0.0
        D:2 |      55 |      18 |  24.7 |      19 |       9 |  32.1
        D:3 |     104 |      97 |  48.3 |      36 |       3 |   7.7
        D:4 |     632 |      49 |   7.2 |      30 |      21 |  41.2
        D:5 |     266 |      76 |  22.2 |      13 |       2 |  13.3
        D:6 |     777 |     200 |  20.5 |      27 |       3 |  10.0
        D:7 |    1021 |     523 |  33.9 |      20 |       3 |  13.0
        D:8 |    2784 |       0 |   0.0 |      32 |       0 |   0.0
     Lair:1 |    3584 |    1620 |  31.1 |      18 |       6 |  25.0
     Lair:2 |    1419 |       0 |   0.0 |       8 |       0 |   0.0
      Sewer |       0 |     120 | 100.0 |       0 |      10 | 100.0
      IceCv |       0 |     802 | 100.0 |       0 |       5 | 100.0
            +---------+---------+-------+---------+---------+-------
